Anaheim Ducks vs St.Louis Blues
(R1)
Created - Sunday, May 12, 2024 at 08:28
Goals
|
| Anaheim Ducks |
0 |
1 |
1 |
0 |
0 |
2 |
| St.Louis Blues |
2 |
0 |
0 |
0 |
1 |
3 |
|
Shots
|
| Anaheim Ducks |
16 |
7 |
9 |
0 |
3 |
32 |
| St.Louis Blues |
16 |
9 |
7 |
0 |
2 |
32 |
|
1st period
1. St.Louis Blues , Mikhail Sergachev 11 (Jack Eichel 29, Mark Stone 26) at 15:50 (PP)
2. St.Louis Blues , Mikhail Sergachev 12 (Andrew Copp 16, Lawson Crouse 15) at 19:32 (SH)
Penalties :
Max Domi (ANA) for Hooking (Minor) at 0:59, Robert Thomas (STL) for Hooking (Minor) at 9:57, Chandler Stephenson (ANA) for Roughing (Minor) at 14:30, Jake Sanderson (STL) for High sticking (Minor) at 19:14
2nd period
3. Anaheim Ducks , Mark Scheifele 41 (William Nylander 57, Joshua Morrissey 27) at 0:36 (PP)
Penalties :
Evander Kane (STL) for Tripping (Minor) at 10:19
3rd period
4. Anaheim Ducks , Nazem Kadri 15 (Mason Marchment 15) at 16:12
Penalties :
Morgan Rielly (ANA) for Holding (Minor) at 9:58, Jake Guentzel (STL) for Tripping (Minor) at 13:05
Overtime #1
No Goal
Penalties :
No Penalty
Shootout
Anaheim Ducks, Brenden Dillon - Stopped by Connor Hellebuyck
St.Louis Blues, Elias Pettersson - Stopped by Linus Ullmark
Anaheim Ducks, Teuvo Teravainen - Stopped by Connor Hellebuyck
St.Louis Blues, Tage Thompson - Goal!
Anaheim Ducks, Mark Scheifele - Stopped by Connor Hellebuyck
Penalties :
No Penalty
Goalie Stats
Linus Ullmark (ANA), 30 saves from 32 shots - (0.938), OTL, 31-17-3, 65:00 minutes
Connor Hellebuyck (STL), 30 saves from 32 shots - (0.938), W, 32-13-5, 65:00 minutes
Players Stats for Anaheim Ducks
Player Name G A P +/- PIM S H SB GA TA FO MP PP MP PK MP
------------------------------------------------------------------------------------
Alex Killorn 0 0 0 0 0 2 3 0 0 1 0/1 19:47 2:31 2:42
Brayden Schenn 0 0 0 0 0 0 2 0 1 0 1/1 19:24 2:31 0:43
Brenden Dillon 0 0 0 0 0 1 2 2 0 0 0/0 19:22 0:00 2:49
Calle Jarnkrok 0 0 0 1 0 1 0 0 0 0 0/0 7:34 0:00 0:00
Chandler Stephenson 0 0 0 0 2 3 1 0 1 0 9/13 19:26 2:31 2:08
Esa Lindell 0 0 0 1 0 2 0 1 0 0 0/0 21:58 2:02 2:29
Ivan Provorov 0 0 0 1 0 0 3 0 0 2 0/0 19:35 0:02 2:29
J.T. Compher 0 0 0 0 0 2 0 0 0 1 0/2 13:53 0:01 2:27
John Tavares 0 0 0 -1 0 3 5 0 0 0 15/31 21:36 4:47 0:09
Josh Manson 0 0 0 0 0 0 3 2 0 0 0/0 21:38 2:04 2:49
Joshua Morrissey 0 1 1 -1 0 0 3 1 0 0 0/0 23:02 5:15 0:00
Mark Scheifele 1 0 1 -1 0 6 1 0 0 0 1/1 20:54 4:48 0:00
Mason Marchment 0 1 1 1 0 2 0 0 0 0 0/0 7:34 0:00 0:00
Max Domi 0 0 0 0 2 3 2 0 0 0 3/6 12:32 0:01 0:00
Morgan Rielly 0 0 0 -1 2 1 1 0 0 1 0/0 24:29 5:15 0:00
Nazem Kadri 1 0 1 1 0 2 1 1 0 0 3/4 7:34 0:00 0:00
Teuvo Teravainen 0 0 0 0 0 1 2 0 1 0 0/0 13:15 0:00 2:27
William Nylander 0 1 1 -1 0 3 0 1 2 0 0/1 21:06 4:47 0:00
Players Stats for St.Louis Blues
Player Name G A P +/- PIM S H SB GA TA FO MP PP MP PK MP
------------------------------------------------------------------------------------
Adam Pelech 0 0 0 -1 0 2 1 0 0 1 0/0 14:47 0:00 2:45
Alex Pietrangelo 0 0 0 0 0 0 1 2 0 0 0/0 25:56 2:09 0:22
Alex Tuch 0 0 0 -1 0 4 0 0 0 0 0/0 13:26 2:09 0:00
Andrew Copp 0 1 1 1 0 1 1 0 0 0 3/5 11:03 0:00 3:35
Colton Parayko 0 0 0 1 0 0 1 1 0 0 0/0 26:09 0:00 4:12
Elias Pettersson 0 0 0 0 0 8 0 0 1 0 0/0 20:59 2:29 0:45
Evander Kane 0 0 0 -1 2 0 0 1 0 0 0/2 14:11 2:49 0:00
Jack Eichel 0 1 1 0 0 4 0 1 1 0 8/11 18:01 2:49 0:00
Jake Guentzel 0 0 0 0 2 4 2 0 0 0 0/0 16:52 2:29 0:03
Jake Sanderson 0 0 0 0 2 0 0 1 0 2 0/0 20:10 0:00 3:15
Lawson Crouse 0 1 1 1 0 0 0 1 1 0 0/1 12:35 0:00 3:35
Mark Stone 0 1 1 0 0 1 1 0 1 0 0/0 17:51 2:49 0:00
Mikhail Sergachev 2 0 2 1 0 2 1 0 0 1 0/0 22:15 3:09 1:19
Nick Leddy 0 0 0 -1 0 1 0 1 0 0 0/0 14:47 0:00 2:45
Nico Sturm 0 0 0 0 0 1 0 0 0 0 4/9 11:14 0:00 3:34
Robert Thomas 0 0 0 0 2 3 1 0 0 1 11/26 19:52 2:29 0:00
Tage Thompson 0 0 0 0 0 0 0 1 0 0 1/3 18:41 3:09 0:00
Yanni Gourde 0 0 0 -1 0 1 2 2 1 0 1/3 13:48 0:00 3:06
3 Stars
1 - Mikhail Sergachev (STL)
2 - Nazem Kadri (ANA)
3 - Connor Hellebuyck (STL)
Power Play
Anaheim Ducks - 1 on 4 Attempt(s) - 25.00%
St.Louis Blues - 1 on 3 Attempt(s) - 33.33%
Penalty Kill
Anaheim Ducks - 2 on 3 Attempt(s) - 66.67%
- Score 0 goal in Penalty Kill
St.Louis Blues - 3 on 4 Attempt(s) - 75.00%
- Score 1 goal in Penalty Kill
Team Stat
Anaheim Ducks - Hits : 29 - Faceoff Wins : 32 - Blocked Shots : 8 - Penalty Minutes : 6
St.Louis Blues - Hits : 11 - Faceoff Wins : 28 - Blocked Shots : 11 - Penalty Minutes : 8
Official
Referees : Greg Kimmerly and Francis Charron
Linesman : Steve Barton and Tim Nowak
Game Notes
No Game Note
Finance
Level 1 -- Attendance: 5478 (91.30%) -- Ticket Income $531,366
Level 2 -- Attendance: 4019 (80.38%) -- Ticket Income $229,083
Level 3 -- Attendance: 2440 (81.33%) -- Ticket Income $82,960
Level 4 -- Attendance: 5000 (100.00%) -- Ticket Income $115,000
Luxury Box -- Attendance: 989 (98.90%) -- Ticket Income $191,866
Game was played at the Scottrade Center.
Total Attendance: 17926 (89.63%)
Total Ticket Income: $1,150,275
Other Income: $402,596
Total Income: $1,552,871
Anaheim Ducks
5 vs 5 Forward
Center Left Wing Right Wing Time % Phy DF OF
1 John Tavares William Nylander Mark Scheifele 40 1 2 2
2 Chandler Stephenson Alex Killorn Brayden Schenn 30 1 2 2
3 Max Domi Teuvo Teravainen J.T. Compher 20 1 2 2
4 Nazem Kadri Calle Jarnkrok Mason Marchment 10 1 2 2
5 vs 5 Defense
Defense Defense Time % Phy DF OF
1 Morgan Rielly Joshua Morrissey 35 1 2 2
2 Ivan Provorov Esa Lindell 35 1 2 2
3 Brenden Dillon Josh Manson 30 1 2 2
4 Morgan Rielly Esa Lindell 0 1 2 2
PowerPlay Forward
Center Left Wing Right Wing Time % Phy DF OF
1 John Tavares William Nylander Mark Scheifele 60 1 1 3
2 Chandler Stephenson Alex Killorn Brayden Schenn 40 0 1 4
PowerPlay Defense
Defense Defense Time % Phy DF OF
1 Morgan Rielly Joshua Morrissey 60 1 2 2
2 Josh Manson Esa Lindell 40 1 2 2
Penalty Kill 4 Players Forward
Center Wing Time % Phy DF OF
1 Chandler Stephenson Alex Killorn 55 1 3 1
2 J.T. Compher Teuvo Teravainen 45 1 3 1
Penalty Kill 4 Players Defense
Defense Defense Time % Phy DF OF
1 Esa Lindell Ivan Provorov 50 1 3 1
2 Brenden Dillon Josh Manson 50 1 3 1
Penalty Kill - 3 Players Forward
Forward Time % Phy DF OF
1 Alex Killorn 50 1 3 1
2 Chandler Stephenson 50 1 3 1
Penalty Kill - 3 Players Defense
Defense Defense Time % Phy DF OF
1 Esa Lindell Ivan Provorov 50 1 3 1
2 Josh Manson Brenden Dillon 50 1 3 1
4 vs 4 Forward
Center Wing Time % Phy DF OF
1 John Tavares William Nylander 60 1 2 2
2 Chandler Stephenson Mark Scheifele 40 1 2 2
4 vs 4 Defense
Defense Defense Time % Phy DF OF
1 Esa Lindell Morgan Rielly 50 1 2 2
2 Ivan Provorov Brenden Dillon 50 1 2 2
Last Minutes Offensive
Center Left Wing Right Wing Defense Defense
John Tavares William Nylander Mark Scheifele Joshua Morrissey Morgan Rielly
Last Minutes Defensive
Center Left Wing Right Wing Defense Defense
Chandler Stephenson Alex Killorn J.T. Compher Ivan Provorov Esa Lindell
Goaltenders
Starting : Linus Ullmark
Backup : James Reimer
Extra Forwards
Normal : William Nylander, John Tavares, Mark Scheifele - PP : William Nylander, John Tavares - PK : Alex Killorn
Extra Defensemen
Normal : Esa Lindell, Morgan Rielly, Joshua Morrissey - PP : Morgan Rielly - PK : Esa Lindell, Ivan Provorov
Penalty Shots
Brenden Dillon, Teuvo Teravainen, Mark Scheifele, Calle Jarnkrok, Alex Killorn
St.Louis Blues
5 vs 5 Forward
Center Left Wing Right Wing Time % Phy DF OF
1 Robert Thomas Elias Pettersson Tage Thompson 40 0 2 3
2 Jack Eichel Jake Guentzel Mark Stone 30 0 2 3
3 Yanni Gourde Alex Tuch Evander Kane 20 1 2 2
4 Nico Sturm Andrew Copp Lawson Crouse 10 1 3 1
5 vs 5 Defense
Defense Defense Time % Phy DF OF
1 Colton Parayko Alex Pietrangelo 45 1 2 2
2 Jake Sanderson Mikhail Sergachev 35 1 2 2
3 Nick Leddy Adam Pelech 20 1 2 2
4 Alex Pietrangelo Mikhail Sergachev 0 1 2 2
PowerPlay Forward
Center Left Wing Right Wing Time % Phy DF OF
1 Robert Thomas Elias Pettersson Jake Guentzel 60 1 0 4
2 Jack Eichel Evander Kane Mark Stone 40 1 0 4
PowerPlay Defense
Defense Defense Time % Phy DF OF
1 Tage Thompson Mikhail Sergachev 60 0 1 4
2 Alex Tuch Alex Pietrangelo 40 0 1 4
Penalty Kill 4 Players Forward
Center Wing Time % Phy DF OF
1 Nico Sturm Yanni Gourde 50 1 4 0
2 Andrew Copp Lawson Crouse 50 1 4 0
Penalty Kill 4 Players Defense
Defense Defense Time % Phy DF OF
1 Jake Sanderson Colton Parayko 50 1 4 0
2 Nick Leddy Adam Pelech 50 1 4 0
Penalty Kill - 3 Players Forward
Forward Time % Phy DF OF
1 Nico Sturm 50 0 5 0
2 Yanni Gourde 50 0 5 0
Penalty Kill - 3 Players Defense
Defense Defense Time % Phy DF OF
1 Jake Sanderson Colton Parayko 50 0 5 0
2 Adam Pelech Nick Leddy 50 0 5 0
4 vs 4 Forward
Center Wing Time % Phy DF OF
1 Robert Thomas Elias Pettersson 50 0 2 3
2 Jack Eichel Mark Stone 50 0 2 3
4 vs 4 Defense
Defense Defense Time % Phy DF OF
1 Alex Pietrangelo Colton Parayko 50 1 2 2
2 Mikhail Sergachev Jake Sanderson 50 1 2 2
Last Minutes Offensive
Center Left Wing Right Wing Defense Defense
Robert Thomas Elias Pettersson Jake Guentzel Tage Thompson Mikhail Sergachev
Last Minutes Defensive
Center Left Wing Right Wing Defense Defense
Nico Sturm Yanni Gourde Lawson Crouse Alex Pietrangelo Colton Parayko
Goaltenders
Starting : Connor Hellebuyck
Backup : Scott Wedgewood
Extra Forwards
Normal : Jack Eichel, Elias Pettersson, Lawson Crouse - PP : Jack Eichel, Elias Pettersson - PK : Elias Pettersson
Extra Defensemen
Normal : Jake Sanderson, Nick Leddy, Colton Parayko - PP : Nick Leddy - PK : Jake Sanderson, Colton Parayko
Penalty Shots
Elias Pettersson, Tage Thompson, Jack Eichel, Alex Tuch, Robert Thomas
% Time on Ice - Anaheim Ducks
Lines # - Real PCT - Wanted PCT - Time Play
Normal Forward
1 - 31% - 40% - 14:50
2 - 30% - 30% - 14:16
3 - 23% - 20% - 10:43
4 - 16% - 10% - 7:34
Normal Defense
1 - 36% - 35% - 16:54
2 - 35% - 35% - 16:30
3 - 30% - 30% - 13:59
4 - 0% - 0% - 0:00
PP Forward
1 - 66% - 60% - 4:48
2 - 34% - 40% - 2:31
PP Defense
1 - 72% - 60% - 5:15
2 - 28% - 40% - 2:04
PK Forward
1 - 54% - 55% - 2:51
2 - 46% - 45% - 2:27
PK Defense
1 - 47% - 50% - 2:29
2 - 53% - 50% - 2:49
PK3 Forward
1 - 0% - 50%
2 - 0% - 50%
PK3 Defense
1 - 0% - 50%
2 - 0% - 50%
44 Forward
1 - 88% - 60% - 4:23
2 - 12% - 40% - 0:37
44 Defense
1 - 45% - 50% - 2:16
2 - 55% - 50% - 2:44
Last Minute Offensive - 0:00
Last Minute Defensive - 0:00
Total
Forward - 65:00
Defense - 65:00
|
% Time on Ice - St.Louis Blues
Lines # - Real PCT - Wanted PCT - Time Play
Normal Forward
1 - 34% - 40% - 16:19
2 - 28% - 30% - 13:29
3 - 23% - 20% - 10:42
4 - 15% - 10% - 6:53
Normal Defense
1 - 42% - 45% - 19:50
2 - 31% - 35% - 14:53
3 - 23% - 20% - 10:54
4 - 4% - 0% - 1:46
PP Forward
1 - 47% - 60% - 2:29
2 - 53% - 40% - 2:49
PP Defense
1 - 59% - 60% - 3:09
2 - 41% - 40% - 2:09
PK Forward
1 - 50% - 50% - 3:41
2 - 50% - 50% - 3:38
PK Defense
1 - 62% - 50% - 4:34
2 - 38% - 50% - 2:45
PK3 Forward
1 - 0% - 50%
2 - 0% - 50%
PK3 Defense
1 - 0% - 50%
2 - 0% - 50%
44 Forward
1 - 50% - 50% - 2:29
2 - 50% - 50% - 2:31
44 Defense
1 - 47% - 50% - 2:20
2 - 53% - 50% - 2:40
Last Minute Offensive - 0:00
Last Minute Defensive - 0:00
Total
Forward - 65:00
Defense - 65:00
|
Play-by-Play
1st period
0:01 of 1st period - Robert Thomas wins face-off versus John Tavares in neutral zone.
0:26 of 1st period - Alex Pietrangelo is hit by Brayden Schenn.
0:34 of 1st period - Wrist shot by Jack Eichel.
0:34 of 1st period - Stopped by Linus Ullmark with a rebound.
0:59 of 1st period - Minor Penalty to Max Domi for Hooking.
1:00 of 1st period - Chandler Stephenson wins face-off versus Robert Thomas in Anaheim Ducks zone.
2:37 of 1st period - Alex Killorn is hit by Mikhail Sergachev.
2:59 of 1st period - Penalty to Max Domi is over, Max Domi is back on ice.
3:14 of 1st period - Snap shot by Lawson Crouse.
3:14 of 1st period - Shot Blocked by Brenden Dillon.
3:16 of 1st period - Slapshot by Adam Pelech.
3:16 of 1st period - Stopped by Linus Ullmark without a rebound.
3:17 of 1st period - Nazem Kadri wins face-off versus Nico Sturm in Anaheim Ducks zone.
3:59 of 1st period - Jake Sanderson is hit by Brayden Schenn and loses puck.
4:10 of 1st period - Wrist shot by Alex Killorn.
4:10 of 1st period - Stopped by Connor Hellebuyck without a rebound.
4:11 of 1st period - Robert Thomas wins face-off versus Max Domi in St.Louis Blues zone.
4:18 of 1st period - Wrist shot by Max Domi.
4:18 of 1st period - Shot Misses the Net.
5:41 of 1st period - Wrist shot by Mason Marchment.
5:41 of 1st period - Stopped by Connor Hellebuyck without a rebound.
5:42 of 1st period - John Tavares wins face-off versus Robert Thomas in St.Louis Blues zone.
5:43 of 1st period - Snap shot by William Nylander.
5:43 of 1st period - Shot Misses the Net.
5:51 of 1st period - Slapshot by Elias Pettersson.
5:51 of 1st period - Stopped by Linus Ullmark without a rebound.
5:52 of 1st period - Robert Thomas wins face-off versus John Tavares in Anaheim Ducks zone.
5:55 of 1st period - Wrist shot by Robert Thomas.
5:55 of 1st period - Stopped by Linus Ullmark with a rebound.
5:57 of 1st period - Wrist shot by Elias Pettersson.
5:57 of 1st period - Shot Misses the Net.
5:59 of 1st period - Snap shot by Nick Leddy.
5:59 of 1st period - Stopped by Linus Ullmark without a rebound.
6:00 of 1st period - Chandler Stephenson wins face-off versus Jack Eichel in Anaheim Ducks zone.
6:11 of 1st period - Wrist shot by Jake Guentzel.
6:11 of 1st period - Stopped by Linus Ullmark with a rebound.
6:13 of 1st period - Snap shot by Mark Stone.
6:13 of 1st period - Stopped by Linus Ullmark with a rebound.
6:15 of 1st period - Wrist shot by Jake Guentzel.
6:15 of 1st period - Shot Misses the Net.
6:17 of 1st period - Slapshot by Colton Parayko.
6:17 of 1st period - Shot Misses the Net.
6:27 of 1st period - Robert Thomas is hit by Josh Manson.
6:38 of 1st period - Off-side.
6:39 of 1st period - Jack Eichel wins face-off versus John Tavares in neutral zone.
7:06 of 1st period - Mikhail Sergachev is hit by Joshua Morrissey and loses puck.
7:33 of 1st period - Wrist shot by Chandler Stephenson.
7:33 of 1st period - Stopped by Connor Hellebuyck with a rebound.
7:35 of 1st period - Slapshot by Esa Lindell.
7:35 of 1st period - Stopped by Connor Hellebuyck with a rebound.
7:37 of 1st period - Slapshot by Esa Lindell.
7:37 of 1st period - Stopped by Connor Hellebuyck with a rebound.
8:17 of 1st period - Snap shot by Mason Marchment.
8:17 of 1st period - Stopped by Connor Hellebuyck with a rebound.
8:37 of 1st period - Snap shot by Robert Thomas.
8:37 of 1st period - Shot Misses the Net.
8:57 of 1st period - Wrist shot by Alex Tuch.
8:57 of 1st period - Stopped by Linus Ullmark with a rebound.
8:59 of 1st period - Wrist shot by Yanni Gourde.
8:59 of 1st period - Stopped by Linus Ullmark with a rebound.
9:01 of 1st period - Slapshot by Colton Parayko.
9:01 of 1st period - Shot Misses the Net.
9:13 of 1st period - Wrist shot by Mark Scheifele.
9:13 of 1st period - Stopped by Connor Hellebuyck without a rebound.
9:14 of 1st period - John Tavares wins face-off versus Nico Sturm in St.Louis Blues zone.
9:31 of 1st period - Wrist shot by Mark Scheifele.
9:31 of 1st period - Deflect By John Tavares.
9:31 of 1st period - Stopped by Connor Hellebuyck with a rebound.
9:33 of 1st period - Slapshot by Morgan Rielly.
9:33 of 1st period - Stopped by Connor Hellebuyck without a rebound.
9:34 of 1st period - Chandler Stephenson wins face-off versus Robert Thomas in St.Louis Blues zone.
9:57 of 1st period - Minor Penalty to Robert Thomas for Hooking.
9:58 of 1st period - John Tavares wins face-off versus Nico Sturm in St.Louis Blues zone.
10:36 of 1st period - Colton Parayko is hit by Alex Killorn.
10:48 of 1st period - Wrist shot by Alex Killorn.
10:48 of 1st period - Deflect By Chandler Stephenson.
10:48 of 1st period - Shot Blocked by Nick Leddy.
10:48 of 1st period - Puck is out of play.
10:49 of 1st period - John Tavares wins face-off versus Andrew Copp in St.Louis Blues zone.
11:12 of 1st period - Adam Pelech is hit by John Tavares and loses puck.
11:53 of 1st period - Snap shot by John Tavares.
11:53 of 1st period - Deflect By William Nylander.
11:53 of 1st period - Shot Blocked by Lawson Crouse.
11:53 of 1st period - Puck is out of play.
11:54 of 1st period - Andrew Copp wins face-off versus Chandler Stephenson in St.Louis Blues zone.
11:57 of 1st period - Penalty to Robert Thomas is over, Robert Thomas is back on ice.
12:53 of 1st period - Wrist shot by Alex Tuch.
12:53 of 1st period - Stopped by Linus Ullmark with a rebound.
13:40 of 1st period - Andrew Copp is hit by Josh Manson and loses puck.
14:22 of 1st period - Wrist shot by Jack Eichel.
14:22 of 1st period - Stopped by Linus Ullmark with a rebound.
14:24 of 1st period - Snap shot by Alex Pietrangelo.
14:24 of 1st period - Deflect By Jake Guentzel.
14:24 of 1st period - Stopped by Linus Ullmark with a rebound.
14:30 of 1st period - Minor Penalty to Chandler Stephenson for Roughing.
14:31 of 1st period - Brayden Schenn wins face-off versus Robert Thomas in Anaheim Ducks zone.
15:00 of 1st period - Snap shot by Mark Stone.
15:00 of 1st period - Shot Blocked by Josh Manson.
15:02 of 1st period - Slapshot by Alex Tuch.
15:02 of 1st period - Shot Blocked by Brenden Dillon.
15:04 of 1st period - Slapshot by Alex Tuch.
15:04 of 1st period - Stopped by Linus Ullmark without a rebound.
15:05 of 1st period - Jack Eichel wins face-off versus J.T. Compher in Anaheim Ducks zone.
15:48 of 1st period - Snap shot by Jack Eichel.
15:48 of 1st period - Stopped by Linus Ullmark with a rebound.
15:50 of 1st period - Slapshot by Mikhail Sergachev.
15:50 of 1st period - Goal by Mikhail Sergachev - Anaheim Ducks : 0 - St.Louis Blues : 1.
15:51 of 1st period - John Tavares wins face-off versus Robert Thomas in neutral zone.
16:42 of 1st period - Snap shot by Brayden Schenn.
16:42 of 1st period - Shot Misses the Net.
16:44 of 1st period - Slapshot by Chandler Stephenson.
16:44 of 1st period - Stopped by Connor Hellebuyck with a rebound.
16:46 of 1st period - Slapshot by Brayden Schenn.
16:46 of 1st period - Deflect By Alex Killorn.
16:46 of 1st period - Shot Blocked by Jake Sanderson.
16:46 of 1st period - Puck is out of play.
16:47 of 1st period - Chandler Stephenson wins face-off versus Robert Thomas in St.Louis Blues zone.
16:52 of 1st period - Backhand shot by Brayden Schenn.
16:52 of 1st period - Shot Blocked by Alex Pietrangelo.
16:54 of 1st period - Snap shot by Alex Killorn.
16:54 of 1st period - Stopped by Connor Hellebuyck without a rebound.
16:55 of 1st period - Robert Thomas wins face-off versus Chandler Stephenson in St.Louis Blues zone.
17:06 of 1st period - Snap shot by Brayden Schenn.
17:06 of 1st period - Shot Misses the Net.
17:10 of 1st period - Snap shot by Chandler Stephenson.
17:10 of 1st period - Shot Misses the Net.
17:12 of 1st period - Wrist shot by Chandler Stephenson.
17:12 of 1st period - Stopped by Connor Hellebuyck without a rebound.
17:13 of 1st period - Jack Eichel wins face-off versus John Tavares in St.Louis Blues zone.
17:24 of 1st period - Snap shot by Mark Scheifele.
17:24 of 1st period - Stopped by Connor Hellebuyck with a rebound.
17:26 of 1st period - Slapshot by John Tavares.
17:26 of 1st period - Deflect By Mark Scheifele.
17:26 of 1st period - Stopped by Connor Hellebuyck with a rebound.
17:28 of 1st period - Snap shot by William Nylander.
17:28 of 1st period - Shot Blocked by Jack Eichel.
17:40 of 1st period - Elias Pettersson is hit by Morgan Rielly and loses puck.
17:50 of 1st period - Off-side.
17:51 of 1st period - John Tavares wins face-off versus Evander Kane in neutral zone.
17:54 of 1st period - Slapshot by Mark Scheifele.
17:54 of 1st period - Stopped by Connor Hellebuyck without a rebound.
17:55 of 1st period - John Tavares wins face-off versus Yanni Gourde in St.Louis Blues zone.
18:00 of 1st period - Snap shot by John Tavares.
18:00 of 1st period - Shot Blocked by Evander Kane.
18:02 of 1st period - Backhand shot by Morgan Rielly.
18:02 of 1st period - Shot Blocked by Yanni Gourde.
18:04 of 1st period - Slapshot by Joshua Morrissey.
18:04 of 1st period - Deflect By John Tavares.
18:04 of 1st period - Stopped by Connor Hellebuyck without a rebound.
18:05 of 1st period - Robert Thomas wins face-off versus John Tavares in St.Louis Blues zone.
18:05 of 1st period - Robert Thomas is hit by John Tavares.
19:14 of 1st period - Minor Penalty to Jake Sanderson for High sticking.
19:15 of 1st period - John Tavares wins face-off versus Andrew Copp in St.Louis Blues zone.
19:32 of 1st period - Slapshot by Mikhail Sergachev.
19:32 of 1st period - Goal by Mikhail Sergachev - Anaheim Ducks : 0 - St.Louis Blues : 2.
19:33 of 1st period - Nico Sturm wins face-off versus John Tavares in neutral zone.
Goals for this period are 0 for Anaheim Ducks vs 2 for St.Louis Blues.
Shots for this period are 16 for Anaheim Ducks vs 16 for St.Louis Blues.
2nd period
0:01 of 2nd period - Andrew Copp wins face-off versus John Tavares in neutral zone.
0:04 of 2nd period - Slapshot by Mikhail Sergachev.
0:04 of 2nd period - Deflect By Lawson Crouse.
0:04 of 2nd period - Shot Misses the Net.
0:04 of 2nd period - Puck is out of play.
0:05 of 2nd period - Andrew Copp wins face-off versus John Tavares in Anaheim Ducks zone.
0:36 of 2nd period - Wrist shot by Mark Scheifele.
0:36 of 2nd period - Goal by Mark Scheifele - Anaheim Ducks : 1 - St.Louis Blues : 2.
0:37 of 2nd period - Robert Thomas wins face-off versus John Tavares in neutral zone.
0:42 of 2nd period - Snap shot by Elias Pettersson.
0:42 of 2nd period - Stopped by Linus Ullmark without a rebound.
0:43 of 2nd period - Mark Scheifele wins face-off versus Tage Thompson in Anaheim Ducks zone.
0:54 of 2nd period - Snap shot by Elias Pettersson.
0:54 of 2nd period - Deflect By Robert Thomas.
0:54 of 2nd period - Stopped by Linus Ullmark without a rebound.
0:55 of 2nd period - John Tavares wins face-off versus Robert Thomas in Anaheim Ducks zone.
1:00 of 2nd period - Tage Thompson is hit by John Tavares and loses puck.
1:42 of 2nd period - Mikhail Sergachev is hit by Max Domi and loses puck.
1:51 of 2nd period - Snap shot by Max Domi.
1:51 of 2nd period - Shot Misses the Net.
1:53 of 2nd period - Snap shot by J.T. Compher.
1:53 of 2nd period - Stopped by Connor Hellebuyck with a rebound.
2:09 of 2nd period - Wrist shot by Elias Pettersson.
2:09 of 2nd period - Stopped by Linus Ullmark without a rebound.
2:10 of 2nd period - John Tavares wins face-off versus Robert Thomas in Anaheim Ducks zone.
2:30 of 2nd period - Snap shot by Elias Pettersson.
2:30 of 2nd period - Stopped by Linus Ullmark with a rebound.
2:32 of 2nd period - Snap shot by Elias Pettersson.
2:32 of 2nd period - Shot Misses the Net.
2:34 of 2nd period - Slapshot by Elias Pettersson.
2:34 of 2nd period - Stopped by Linus Ullmark without a rebound.
2:35 of 2nd period - Chandler Stephenson wins face-off versus Jack Eichel in Anaheim Ducks zone.
3:02 of 2nd period - Wrist shot by John Tavares.
3:02 of 2nd period - Shot Blocked by Colton Parayko.
3:04 of 2nd period - Wrist shot by William Nylander.
3:04 of 2nd period - Shot Misses the Net.
3:06 of 2nd period - Slapshot by Esa Lindell.
3:06 of 2nd period - Shot Misses the Net.
3:24 of 2nd period - Jack Eichel is hit by Ivan Provorov and loses puck.
3:35 of 2nd period - Slapshot by Nazem Kadri.
3:35 of 2nd period - Shot Misses the Net.
3:37 of 2nd period - Snap shot by Calle Jarnkrok.
3:37 of 2nd period - Stopped by Connor Hellebuyck with a rebound.
3:58 of 2nd period - Wrist shot by Jack Eichel.
3:58 of 2nd period - Stopped by Linus Ullmark with a rebound.
4:36 of 2nd period - Evander Kane is hit by Brenden Dillon and loses puck.
4:59 of 2nd period - Off-side.
5:00 of 2nd period - Nico Sturm wins face-off versus John Tavares in neutral zone.
5:15 of 2nd period - Wrist shot by John Tavares.
5:15 of 2nd period - Stopped by Connor Hellebuyck with a rebound.
6:18 of 2nd period - Wrist shot by Nico Sturm.
6:18 of 2nd period - Stopped by Linus Ullmark without a rebound.
6:19 of 2nd period - Nico Sturm wins face-off versus Nazem Kadri in Anaheim Ducks zone.
6:32 of 2nd period - Snap shot by Andrew Copp.
6:32 of 2nd period - Stopped by Linus Ullmark with a rebound.
6:49 of 2nd period - William Nylander is hit by Adam Pelech and loses puck.
7:53 of 2nd period - Snap shot by Mark Scheifele.
7:53 of 2nd period - Deflect By William Nylander.
7:53 of 2nd period - Stopped by Connor Hellebuyck without a rebound.
7:54 of 2nd period - Chandler Stephenson wins face-off versus Robert Thomas in St.Louis Blues zone.
9:10 of 2nd period - Calle Jarnkrok is hit by Yanni Gourde and loses puck.
9:21 of 2nd period - Yanni Gourde is hit by Ivan Provorov and loses puck.
10:19 of 2nd period - Minor Penalty to Evander Kane for Tripping.
10:20 of 2nd period - John Tavares wins face-off versus Lawson Crouse in St.Louis Blues zone.
12:19 of 2nd period - Penalty to Evander Kane is over, Evander Kane is back on ice.
12:59 of 2nd period - Evander Kane is hit by Nazem Kadri.
13:09 of 2nd period - Slapshot by Alex Pietrangelo.
13:09 of 2nd period - Shot Blocked by Joshua Morrissey.
13:33 of 2nd period - Wrist shot by Mark Scheifele.
13:33 of 2nd period - Shot Blocked by Yanni Gourde.
14:12 of 2nd period - Alex Pietrangelo is hit by Ivan Provorov and loses puck.
15:48 of 2nd period - Wrist shot by Nazem Kadri.
15:48 of 2nd period - Stopped by Connor Hellebuyck with a rebound.
16:03 of 2nd period - Icing by Ivan Provorov.
16:04 of 2nd period - Max Domi wins face-off versus Nico Sturm in Anaheim Ducks zone.
16:21 of 2nd period - Snap shot by Teuvo Teravainen.
16:21 of 2nd period - Stopped by Connor Hellebuyck without a rebound.
16:22 of 2nd period - John Tavares wins face-off versus Robert Thomas in St.Louis Blues zone.
16:35 of 2nd period - Snap shot by Robert Thomas.
16:35 of 2nd period - Shot Misses the Net.
16:37 of 2nd period - Wrist shot by Elias Pettersson.
16:37 of 2nd period - Stopped by Linus Ullmark without a rebound.
16:38 of 2nd period - Jack Eichel wins face-off versus Chandler Stephenson in Anaheim Ducks zone.
16:44 of 2nd period - Snap shot by Jack Eichel.
16:44 of 2nd period - Shot Misses the Net.
16:46 of 2nd period - Slapshot by Colton Parayko.
16:46 of 2nd period - Shot Blocked by Josh Manson.
16:48 of 2nd period - Wrist shot by Jake Guentzel.
16:48 of 2nd period - Shot Misses the Net.
17:04 of 2nd period - Brayden Schenn is hit by Colton Parayko and loses puck.
17:32 of 2nd period - Mark Scheifele is hit by Robert Thomas.
17:53 of 2nd period - Off-side.
17:54 of 2nd period - Jack Eichel wins face-off versus Max Domi in neutral zone.
18:09 of 2nd period - Backhand shot by J.T. Compher.
18:09 of 2nd period - Shot Misses the Net.
18:11 of 2nd period - Snap shot by Ivan Provorov.
18:11 of 2nd period - Deflect By J.T. Compher.
18:11 of 2nd period - Shot Misses the Net.
18:11 of 2nd period - Puck is out of play.
18:12 of 2nd period - Tage Thompson wins face-off versus John Tavares in St.Louis Blues zone.
18:38 of 2nd period - Alex Pietrangelo is hit by Joshua Morrissey and loses puck.
19:54 of 2nd period - Snap shot by John Tavares.
19:54 of 2nd period - Shot Hit the Post.
Goals for this period are 1 for Anaheim Ducks vs 0 for St.Louis Blues.
Shots for this period are 7 for Anaheim Ducks vs 9 for St.Louis Blues.
3rd period
0:01 of 3rd period - John Tavares wins face-off versus Tage Thompson in neutral zone.
1:11 of 3rd period - Slapshot by Tage Thompson.
1:11 of 3rd period - Deflect By Elias Pettersson.
1:11 of 3rd period - Stopped by Linus Ullmark with a rebound.
1:35 of 3rd period - Alex Pietrangelo is hit by John Tavares and loses puck.
2:14 of 3rd period - Off-side.
2:15 of 3rd period - Nazem Kadri wins face-off versus Evander Kane in neutral zone.
2:17 of 3rd period - Off-side.
2:18 of 3rd period - Robert Thomas wins face-off versus John Tavares in neutral zone.
2:29 of 3rd period - Snap shot by William Nylander.
2:29 of 3rd period - Stopped by Connor Hellebuyck with a rebound.
2:31 of 3rd period - Slapshot by John Tavares.
2:31 of 3rd period - Shot Misses the Net.
2:33 of 3rd period - Snap shot by Mark Scheifele.
2:33 of 3rd period - Stopped by Connor Hellebuyck without a rebound.
2:34 of 3rd period - Chandler Stephenson wins face-off versus Jack Eichel in St.Louis Blues zone.
2:39 of 3rd period - Icing by Mark Stone.
2:40 of 3rd period - Jack Eichel wins face-off versus Chandler Stephenson in St.Louis Blues zone.
2:40 of 3rd period - Jack Eichel is hit by Chandler Stephenson.
2:56 of 3rd period - Jake Guentzel is hit by Alex Killorn and loses puck.
3:26 of 3rd period - Alex Killorn is hit by Jake Guentzel and loses puck.
3:53 of 3rd period - Josh Manson is hit by Jake Guentzel and loses puck.
4:08 of 3rd period - Wrist shot by Jake Guentzel.
4:08 of 3rd period - Stopped by Linus Ullmark without a rebound.
4:09 of 3rd period - Robert Thomas wins face-off versus John Tavares in Anaheim Ducks zone.
4:22 of 3rd period - Alex Pietrangelo is hit by Mark Scheifele and loses puck.
4:35 of 3rd period - Teuvo Teravainen is hit by Yanni Gourde and loses puck.
4:44 of 3rd period - Wrist shot by J.T. Compher.
4:44 of 3rd period - Stopped by Connor Hellebuyck with a rebound.
4:46 of 3rd period - Wrist shot by Max Domi.
4:46 of 3rd period - Stopped by Connor Hellebuyck without a rebound.
4:47 of 3rd period - John Tavares wins face-off versus Nico Sturm in St.Louis Blues zone.
5:06 of 3rd period - Andrew Copp is hit by John Tavares and loses puck.
5:19 of 3rd period - Slapshot by Adam Pelech.
5:19 of 3rd period - Stopped by Linus Ullmark without a rebound.
5:20 of 3rd period - Max Domi wins face-off versus Robert Thomas in Anaheim Ducks zone.
5:31 of 3rd period - Tage Thompson is hit by Teuvo Teravainen and loses puck.
5:46 of 3rd period - Snap shot by Max Domi.
5:46 of 3rd period - Stopped by Connor Hellebuyck without a rebound.
5:47 of 3rd period - Jack Eichel wins face-off versus John Tavares in St.Louis Blues zone.
6:11 of 3rd period - Icing by Mikhail Sergachev.
6:12 of 3rd period - Chandler Stephenson wins face-off versus Yanni Gourde in St.Louis Blues zone.
6:25 of 3rd period - Snap shot by Alex Killorn.
6:25 of 3rd period - Shot Misses the Net.
6:45 of 3rd period - Wrist shot by Mark Scheifele.
6:45 of 3rd period - Shot Misses the Net.
7:09 of 3rd period - Slapshot by Jack Eichel.
7:09 of 3rd period - Shot Blocked by Esa Lindell.
7:11 of 3rd period - Wrist shot by Mark Stone.
7:11 of 3rd period - Shot Misses the Net.
8:11 of 3rd period - Slapshot by William Nylander.
8:11 of 3rd period - Shot Blocked by Tage Thompson.
8:13 of 3rd period - Wrist shot by William Nylander.
8:13 of 3rd period - Stopped by Connor Hellebuyck without a rebound.
8:14 of 3rd period - John Tavares wins face-off versus Robert Thomas in St.Louis Blues zone.
8:25 of 3rd period - Wrist shot by Elias Pettersson.
8:25 of 3rd period - Stopped by Linus Ullmark with a rebound.
8:27 of 3rd period - Snap shot by Elias Pettersson.
8:27 of 3rd period - Shot Misses the Net.
8:29 of 3rd period - Wrist shot by Robert Thomas.
8:29 of 3rd period - Shot Blocked by William Nylander.
8:31 of 3rd period - Wrist shot by Robert Thomas.
8:31 of 3rd period - Stopped by Linus Ullmark without a rebound.
8:32 of 3rd period - Jack Eichel wins face-off versus Alex Killorn in Anaheim Ducks zone.
9:15 of 3rd period - Off-side.
9:16 of 3rd period - Robert Thomas wins face-off versus John Tavares in neutral zone.
9:58 of 3rd period - Minor Penalty to Morgan Rielly for Holding.
9:59 of 3rd period - Chandler Stephenson wins face-off versus Robert Thomas in Anaheim Ducks zone.
10:07 of 3rd period - Slapshot by Tage Thompson.
10:07 of 3rd period - Shot Misses the Net.
10:29 of 3rd period - Slapshot by Brenden Dillon.
10:29 of 3rd period - Stopped by Connor Hellebuyck without a rebound.
10:30 of 3rd period - Robert Thomas wins face-off versus J.T. Compher in St.Louis Blues zone.
10:35 of 3rd period - Snap shot by Jake Guentzel.
10:35 of 3rd period - Stopped by Linus Ullmark with a rebound.
10:47 of 3rd period - Robert Thomas is hit by Alex Killorn and loses puck.
11:58 of 3rd period - Penalty to Morgan Rielly is over, Morgan Rielly is back on ice.
12:14 of 3rd period - Nico Sturm is hit by Brenden Dillon and loses puck.
13:05 of 3rd period - Minor Penalty to Jake Guentzel for Tripping.
13:06 of 3rd period - Nico Sturm wins face-off versus William Nylander in St.Louis Blues zone.
13:20 of 3rd period - Slapshot by Morgan Rielly.
13:20 of 3rd period - Shot Misses the Net.
13:22 of 3rd period - Slapshot by Josh Manson.
13:22 of 3rd period - Shot Misses the Net.
14:05 of 3rd period - Alex Killorn is hit by Andrew Copp and loses puck.
14:54 of 3rd period - Yanni Gourde is hit by Joshua Morrissey and loses puck.
15:05 of 3rd period - Penalty to Jake Guentzel is over, Jake Guentzel is back on ice.
15:24 of 3rd period - Backhand shot by Max Domi.
15:24 of 3rd period - Stopped by Connor Hellebuyck without a rebound.
15:25 of 3rd period - Nazem Kadri wins face-off versus Robert Thomas in St.Louis Blues zone.
15:52 of 3rd period - Ivan Provorov is hit by Mark Stone and loses puck.
16:10 of 3rd period - Snap shot by Nazem Kadri.
16:10 of 3rd period - Shot Misses the Net.
16:12 of 3rd period - Wrist shot by Nazem Kadri.
16:12 of 3rd period - Goal by Nazem Kadri - Anaheim Ducks : 2 - St.Louis Blues : 2.
16:13 of 3rd period - Yanni Gourde wins face-off versus Max Domi in neutral zone.
16:20 of 3rd period - Wrist shot by Alex Tuch.
16:20 of 3rd period - Stopped by Linus Ullmark with a rebound.
16:40 of 3rd period - Colton Parayko is hit by Josh Manson and loses puck.
17:05 of 3rd period - Mark Scheifele is hit by Alex Pietrangelo and loses puck.
17:26 of 3rd period - Snap shot by Brayden Schenn.
17:26 of 3rd period - Shot Blocked by Alex Pietrangelo.
18:22 of 3rd period - Wrist shot by Elias Pettersson.
18:22 of 3rd period - Shot Blocked by Nazem Kadri.
18:54 of 3rd period - Snap shot by Evander Kane.
18:54 of 3rd period - Deflect By Alex Tuch.
18:54 of 3rd period - Shot Misses the Net.
18:54 of 3rd period - Puck is out of play.
18:55 of 3rd period - Max Domi wins face-off versus Robert Thomas in Anaheim Ducks zone.
19:07 of 3rd period - Tage Thompson is hit by Teuvo Teravainen and loses puck.
Goals for this period are 1 for Anaheim Ducks vs 0 for St.Louis Blues.
Shots for this period are 9 for Anaheim Ducks vs 7 for St.Louis Blues.
Overtime #1
0:01 of 1st overtime period - Robert Thomas wins face-off versus John Tavares in neutral zone.
1:26 of 1st overtime period - Alex Pietrangelo is hit by Max Domi and loses puck.
Goals for this period are 0 for Anaheim Ducks vs 0 for St.Louis Blues.
Shots for this period are 0 for Anaheim Ducks vs 0 for St.Louis Blues.
ShootOut
5:00 of 1st overtime period - Round #1.
5:00 of 1st overtime period - Anaheim Ducks, Brenden Dillon.
5:00 of 1st overtime period - Snap shot by Brenden Dillon.
5:00 of 1st overtime period - Stopped by Connor Hellebuyck.
5:00 of 1st overtime period - St.Louis Blues, Elias Pettersson.
5:00 of 1st overtime period - Wrist shot by Elias Pettersson.
5:00 of 1st overtime period - Stopped by Linus Ullmark.
5:00 of 1st overtime period - Round #2.
5:00 of 1st overtime period - Anaheim Ducks, Teuvo Teravainen.
5:00 of 1st overtime period - Backhand shot by Teuvo Teravainen.
5:00 of 1st overtime period - Stopped by Connor Hellebuyck.
5:00 of 1st overtime period - St.Louis Blues, Tage Thompson.
5:00 of 1st overtime period - Backhand shot by Tage Thompson.
5:00 of 1st overtime period - Goal by Tage Thompson.
5:00 of 1st overtime period - Round #3.
5:00 of 1st overtime period - Anaheim Ducks, Mark Scheifele.
5:00 of 1st overtime period - Snap shot by Mark Scheifele.
5:00 of 1st overtime period - Stopped by Connor Hellebuyck.
Back to the Top